 Dungeon Crawl Stone Soup version 0.27.1 (webtiles) character file.

Game seed: 4257739978999174006

3316 Malachi the Blocker (level 10, 0/124 HPs)
             Began as a Formicid Fighter on Aug 25, 2021.
             Was a Believer of Okawaru.
             Slain by a steam dragon (3 damage)
             ... on level 7 of the Dungeon.
             The game lasted 00:14:27 (9771 turns).

Malachi the Blocker (Formicid Fighter)              Turns: 9771, Time: 00:14:28

Health: 0/124      AC: 21    Str: 23    XL:     10   Next: 21%
Magic:  10/10      EV:  2    Int:  9    God:    Okawaru [**....]
Gold:   175        SH: 13    Dex: 10    Spells: 9/9 levels left

rFire    . . .     SeeInvis .   a - +1 war axe
rCold    . . .     Faith    .   c - +1 kite shield
rNeg     + + +     Spirit   .   (armour currently unavailable)
rPois    +         Reflect  .   (helmet unavailable)
rElec    .         Harm     .   (cloak currently unavailable)
rCorr    .         Rampage  .   (gloves currently unavailable)
Will     +....                  (boots currently unavailable)
Stlth    +.........             s - amulet of the acrobat
HPRegen  0.30/turn              g - ring of flight
MPRegen  0.12/turn              t - ring of poison resistance

@: tree-form, marked, corroded, very slightly contaminated, invisible
A: stationary, stasis, torment immunity, boosted hp, permanent stasis, dig
shafts and tunnels, (antennae 3), four strong arms, (iridescent scales 1),
robust 1, (sturdy frame 1)
a: Renounce Religion, Heroism


You were on level 7 of the Dungeon.
You worshipped Okawaru.
Okawaru was pleased with you.
You were a tree.
You visited 2 branches of the dungeon, and saw 8 of its levels.

You collected 860 gold pieces.
You spent 685 gold pieces at shops.

Inventory:

Hand Weapons
 a - a +1 war axe (weapon)
 e - a +0 whip of freezing
Missiles
 b - 2 silver boomerangs
 f - 9 poisoned darts (quivered)
 m - 3 boomerangs
 n - 14 bolts
Armour
 c - a +1 kite shield (worn)
 d - a +0 cloak (melded)
 i - a +2 pair of boots
 j - a +0 pair of gloves (melded)
 r - the +1 pair of boots "Targh" (melded) {Rampage rN+ Will- Int+2}
   (You bought it in a shop on level 4 of the Dungeon)

   Int:       It affects your intelligence (+2).
   rN:        It protects you from negative energy.
   Rampage:   It bestows one free step when moving towards enemies.
   Will:      It decreases your willpower.
 x - a +0 plate armour (melded)
Jewellery
 g - a ring of flight (left branch)
 q - a ring of wizardry
 s - an amulet of the acrobat (around neck)
 t - a ring of poison resistance (right branch)
Wands
 u - a wand of digging (5)
 y - a wand of iceblast (10)
Scrolls
 l - 3 scrolls of identify
 p - a scroll of enchant armour
Potions
 h - 2 potions of attraction
 k - a potion of lignification
 v - 2 potions of mutation


   Skills:
 + Level 6.1 Fighting
 + Level 8.7 Axes
 + Level 0.2 Throwing
 + Level 6.5 Armour
 - Level 0.3 Dodging
 - Level 0.2 Stealth
 * Level 10.5 Shields


You had 9 spell levels left.
You didn't know any spells.
Your spell library contained the following spells:

 Spells                   Type           Power      Damage    Failure   Level
 Animate Dead             Necr           0%         N/A       99%         4
 Haunt                    Necr/Summ      0%         N/A       100%        7
 Infestation              Necr           0%         N/A       100%        8


Dungeon Overview and Level Annotations

Branches:
Dungeon (7/15)             Temple (1/1) D:5

Altars:
Ashenzari
Cheibriados
Dithmenos
Elyvilon
Fedhas
Gozag
Hepliaklqana
Kikubaaqudgha
Makhleb
Nemelex Xobeh
Okawaru
Qazlal
Ru
Sif Muna
Trog
Uskayaw
Wu Jian
Xom
Yredelemnul
Zin
The Shining One

Shops:
D:4 (!***


Innate Abilities, Weirdness & Mutations

You are a tree.
Your roots penetrate the ground, keeping you stationary.
You cannot be teleported.
You are immune to unholy pain and torment.
Your maximum health is greatly increased.
Your equipment is partially melded.
You cannot be hasted, slowed, berserked, paralysed or teleported.
You can dig through walls and to a lower floor.
((You have a pair of large antennae on your head. (SInv)))
Your four strong arms can wield two-handed weapons with a shield.
((You are partially covered in iridescent scales. (AC +2)))
You are robust. (+10% HP)
((Your movements are slightly less encumbered by armour. (ER -2)))


Message History

* * * LOW HITPOINT WARNING * * *
The jelly is moderately wounded.
You closely miss the hound.
You catch the helpless steam dragon completely off-guard!
You hit the steam dragon but do no damage.
The steam dragon bites you.
* * * LOW HITPOINT WARNING * * *
The steam dragon claws you but does no damage.
You block the hound's attack. The jelly hits you but does no damage.
The steam dragon bites you but does no damage.
You block the steam dragon's attack.
Okay, then.
You slash the hound!
The hound is heavily wounded.
You strike the helpless steam dragon from behind!
You hit the steam dragon. You slash the jelly! The acid corrodes you!
Your branches burn!
* * * LOW HITPOINT WARNING * * *
You block the hound's attack. You block the jelly's attack.
The hound bites you but does no damage. You block the steam dragon's attack.
The steam dragon claws you.
* * * LOW HITPOINT WARNING * * *
You cannot move.
You slash the jelly!
You kill the jelly!
Okawaru accepts your kill.
You hit the hound.
You hit the steam dragon but do no damage.
You hit the iguana but do no damage. The hound bites you but does no damage.
You block the iguana's attack. You block the steam dragon's attack.
The steam dragon barely misses you.
Unknown command.
You miss the hound.
The hound is severely wounded.
You slash the steam dragon! You hit the iguana but do no damage.
The hound bites you but does no damage.
An iguana comes into view.
You block the iguana's attack. The hound barely misses you.
The steam dragon bites you.
You die...

... .... ... . ...
.. #.#####
...##§§§§ ....§l§§#
#..§h♣######
..##.§Dl§§...#
...##.§§§§§...#
......###.#...#
...#.. ##.....#
......##......####
.....#.............
..........8.8.8.8..
...................


You could see a steam dragon, 2 iguanas and a hound.

Vanquished Creatures
  Harold (D:7)
  Pikel (D:5)
  A hornet (D:5)
  Eustachio (D:5)
  A water moccasin (D:7)
  An ice beast (D:5)
  2 sky beasts
  2 black bears
  2 lemures (D:4)
  A bullfrog (D:6)
  A water moccasin zombie (D:5)
  A scorpion (D:5)
  A wyvern skeleton (D:6)
  6 electric eels (D:5)
  A howler monkey (D:5)
  Crazy Yiuf (D:3)
  2 jellies (D:7)
  A gnoll shaman (D:6)
  A hound (D:5)
  2 bullfrog skeletons
  5 iguanas
  5 orc wizards
  Robin (D:3)
  4 gnolls (D:6)
  10 adders
  A shadow imp (D:5)
  An ufetubus (D:6)
  An adder skeleton (D:4)
  3 worms
  5 dart slugs
  16 orcs
  6 ball pythons
  9 endoplasms
  3 giant cockroaches
  8 hobgoblins
  4 jackals (D:4)
  5 quokkas
  6 bats
  3 frilled lizards
  16 goblins
  9 kobolds
  6 rats
157 creatures vanquished.

Vanquished Creatures (others)
  An orc (D:7)
  A plant (D:5)
2 creatures vanquished.

Grand Total: 159 creatures vanquished

Notes
Turn   | Place    | Note
-------+----------+-------------------------------------------
     0 | D:1      | Malachi the Formicid Fighter began the quest for the Orb.
     0 | D:1      | Reached XP level 1. HP: 18/18 MP: 1/1
   302 | D:1      | Reached XP level 2. HP: 24/24 MP: 2/2
   422 | D:1      | Reached skill level 4 in Shields
  1045 | D:2      | Reached XP level 3. HP: 25/29 MP: 3/3
  1206 | D:2      | Reached XP level 4. HP: 23/35 MP: 4/4
  2207 | D:3      | Reached XP level 5. HP: 36/41 MP: 5/5
  2214 | D:3      | Reached skill level 5 in Shields
  2338 | D:3      | Noticed Robin
  2357 | D:3      | Killed Robin
  2794 | D:3      | Found a runed translucent door.
  2795 | D:3      | Noticed Crazy Yiuf
  2949 | D:3      | Killed Crazy Yiuf
  2950 | D:3      | Reached XP level 6. HP: 47/47 MP: 6/6
  3320 | D:4      | Found Bypa's Distillery.
  3366 | D:4      | Found Boikhaon's Weapon Boutique.
  3591 | D:4      | Found Pegoehy's Assorted Antiques.
  3670 | D:4      | Found Pilucwe's Assorted Antiques.
  3795 | D:4      | Found Jiukla's Serpentskin Sales.
  3940 | D:4      | Noticed a black bear
  3945 | D:4      | Killed a black bear
  3946 | D:4      | Reached skill level 6 in Shields
  3946 | D:4      | Reached XP level 7. HP: 50/54 MP: 7/7
  4222 | D:5      | Entered Level 5 of the Dungeon
  4275 | D:5      | Noticed Pikel
  4832 | D:5      | Noticed Eustachio
  4835 | D:5      | Found a staircase to the Ecumenical Temple.
  4844 | D:5      | Gained mutation: You are robust. (+10% HP) [potion of
                  | mutation]
  4844 | D:5      | Gained mutation: Your movements are slightly less
                  | encumbered by armour. (ER -2) [potion of mutation]
  4844 | D:5      | Gained mutation: You are partially covered in iridescent
                  | scales. (AC +2) [potion of mutation]
  4876 | D:5      | Killed Pikel
  4877 | D:5      | Reached skill level 5 in Axes
  4877 | D:5      | Reached skill level 5 in Armour
  4877 | D:5      | Reached skill level 7 in Shields
  4877 | D:5      | Reached XP level 8. HP: 37/67 MP: 8/8
  4948 | D:5      | Killed Eustachio
  5017 | D:5      | Reached skill level 8 in Shields
  5249 | D:5      | Reached skill level 5 in Fighting
  5304 | D:5      | Identified a scroll of acquirement
  5304 | D:5      | Acquired 596 gold pieces
  5409 | D:5      | Reached XP level 9. HP: 62/74 MP: 9/9
  5808 | D:4      | Bought a pair of smoking boots for 256 gold pieces
  5808 | D:4      | Identified the +1 pair of boots "Targh" {Rampage rN+ Will-
                  | Int+2} (You bought it in a shop on level 4 of the Dungeon)
  5820 | D:4      | Bought a scroll labelled PUCIBLU RIAKKIUFU for 27 gold
                  | pieces
  5820 | D:4      | Bought a scroll labelled YLITSY DIASEFOAST for 27 gold
                  | pieces
  5822 | D:4      | Bought a lumpy diamond amulet for 135 gold pieces
  5839 | D:4      | Bought a ring of poison resistance for 240 gold pieces
  5887 | Temple   | Entered the Ecumenical Temple
  6084 | Temple   | Became a worshipper of Warmaster Okawaru
  8761 | D:5      | Noticed a hornet
  8781 | D:5      | Killed a hornet
  8782 | D:5      | Reached skill level 9 in Shields
  9584 | D:7      | Reached * piety under Okawaru
  9734 | D:7      | Noticed Harold
  9755 | D:7      | Killed Harold
  9755 | D:7      | Reached ** piety under Okawaru
  9756 | D:7      | Reached skill level 10 in Shields
  9756 | D:7      | Reached XP level 10. HP: 38/83 MP: 10/10
  9769 | D:7      | HP: 4/124 [acid (3)]
  9771 | D:7      | Slain by a steam dragon

Illustrated notes

Levels and vault maps discovered:
D:1:      dpeg_arrival_morbid_curiosity, layout_loops_corners, st_stairs_13
D:2:      layout_rooms
D:3:      layout_rooms, hangedman_feature_mirror, uniq_crazy_yiuf_cottage,
          uniq_robin
D:4:      layout_loops_ring, serial_shops, nicolae_shop_statue_plus,
          nicolae_shop_trees, shop, nicolae_shop_crystal, fountainhead,
          guppyfry_shop_venom
D:5:      cheibrodos_two_vegetables, layout_cave_pools,
          minmay_temple_entry_stoned_glass, uniq_pikel, uniq_eustachio
D:6:      layout_rooms, minivault_19
D:7:      layout_cave_pools, nicolae_vehumet_altar_sigil, serial_column_ruins,
          column_ruins_grid_3, column_ruins_open_tiny, column_ruins_grid_1,
          column_ruins_corridor_straight, column_ruins_columns_T,
          column_ruins_open_tiny, grunt_ministairs_3, uniq_harold
Temple:   kilobyte_greek_temple

Skill      XL: |  1  2  3  4  5  6  7  8  9 |
---------------+----------------------------+-----
Shields        | 4 5 6 7 8 10 | 10.5
Axes           | 3 4 5 6 8 |  8.7
Armour         | 4 5 6 |  6.5
Fighting       | 4 5 6 |  6.1
Throwing       | |  0.2
Dodging        | |  0.3
Stealth        | |  0.2

Action                   |  1- 3 |  4- 6 |  7- 9 | 10-12 || total
-------------------------+-------+-------+-------+-------++-------
Melee: War axe           |    78 |   184 |   408 |    11 ||   681
Throw: Dart              |       |     7 |       |       ||     7
 Abil: Dig               |       |     2 |     6 |       ||     8
  Use: Scroll            |     1 |     7 |     6 |     1 ||    15
       Potion            |       |     1 |     9 |     1 ||    11
 Stab: Invisible         |       |       |     4 |     3 ||     7
Armor: Scale mail        |    40 |    21 |       |       ||    61
       Chain mail        |       |    81 |    94 |       ||   175
       Skin              |       |       |    25 |    16 ||    41
       Plate armour      |       |       |    60 |       ||    60
Dodge: Dodged            |    31 |    57 |   142 |     2 ||   232
Block: Kite shield       |    46 |   136 |   232 |    17 ||   431
